 Dungeon Crawl Stone Soup version 0.28.0 (webtiles) character file.

Game seed: 8789153450327341683

315 themadprophet the Shield-Bearer (level 6, -22/54 HPs)
             Began as a Troll Fighter on Feb 18, 2022.
             Annihilated by an ogre (24 damage)
             ... on level 5 of the Dungeon.
             The game lasted 00:51:35 (3081 turns).

themadprophet the Shield-Bearer (Troll Fighter)     Turns: 3081, Time: 00:51:36

Health: -22/54     AC:  4    Str: 27    XL:     6   Next: 20%
Magic:  5/5        EV:  9    Int: 10    God:
Gold:   131        SH:  7    Dex:  9    Spells: 5/5 levels left

rFire   . . .      SeeInvis +   m - +1 mace (venom)
rCold   . . .      Faith    .   b - +0 kite shield
rNeg    . . .      Spirit   .   q - +0 robe
rPois   .          Reflect  .   (helmet restricted)
rElec   .          Harm     .   (no cloak)
rCorr   .          Rampage  .   (gloves unavailable)
Will    .....                   (boots unavailable)
Stlth   +.........              (no amulet)
HPRegen 0.98/turn               d - +6 ring of intelligence
MPRegen 0.09/turn               r - ring of see invisible

@: invisible
A: large, unfitting armour, claws 3, regeneration 1, shaggy fur 1, tough skin 1,
frail 1
a: no special abilities


You were on level 5 of the Dungeon.
You visited 1 branch of the dungeon, and saw 5 of its levels.

You collected 131 gold pieces.

Inventory:

Hand Weapons
 m - a +1 mace of venom (weapon)
 y - a +1 spectral quarterstaff
Missiles
 n - 60 stones (quivered)
 v - 13 sling bullets
Armour
 a - a +0 robe
 b - a +0 kite shield (worn)
 i - a +0 scale mail
 j - a +0 chain mail
 q - a +0 robe (worn)
 w - a +0 leather armour
Jewellery
 d - a +6 ring of intelligence (left claw)
 r - a ring of see invisible (right claw)
Scrolls
 e - a scroll of identify {unknown}
 f - 2 scrolls of teleportation {unknown}
 h - a scroll of magic mapping {unknown}
 k - a scroll of blinking {unknown}
 s - a scroll of fear {unknown}
 t - a scroll of amnesia {unknown}
 z - a scroll of vulnerability {unknown}
Potions
 c - a potion of might
 g - a potion of lignification {unknown}
 p - 3 potions of flight {unknown}
 u - 2 potions of attraction {unknown}
 x - 2 potions of degeneration {unknown}
 A - a potion of heal wounds {unknown}


   Skills:
 + Level 3.2 Fighting
 + Level 2.5 Maces & Flails
 + Level 0.6 Throwing
 + Level 3.3 Dodging
 + Level 0.6 Stealth
 + Level 3.3 Shields
 + Level 2.7 Unarmed Combat


You had 5 spell levels left.
You didn't know any spells.
Your spell library contained the following spells:

 Spells                   Type           Power      Damage    Failure   Level
 Animate Skeleton         Necr           0%         N/A       65%         1
 Pain                     Necr           0%         1d4       65%         1
 Vampiric Draining        Necr           0%         2d6       95%         3


Dungeon Overview and Level Annotations

Branches:
Dungeon (5/15)
 Temple: D:4-7

Altars:


Innate Abilities, Weirdness & Mutations

You are too large for most types of armour.
You have claws for hands.
Your natural rate of healing is unusually fast.
You are covered in fur. (AC +1)
You have tough skin. (AC +1)
You are frail. (-10% HP)


Message History

The adder bites you.
You are poisoned.
The adder poisons you!
The adder skeleton bites you but does no damage.
You block the adder's attack. The ogre misses you.
You climb downwards.
You feel sick.
There is a stone staircase leading up, spattered with blood here.
You hit the adder.
The adder is poisoned.
The adder is moderately wounded.
You feel sick. The adder bites you.
The ogre hits you with a +0 giant spiked club!
The adder bites you.
You are more poisoned.
The adder poisons you!
You hit the adder.
You kill the adder!
You feel very sick.
The ogre hits you with a +0 giant spiked club!!
* * * LOW HITPOINT WARNING * * *
You feel sick.
The ogre hits you with a +0 giant spiked club!
* * * LOW HITPOINT WARNING * * *
You climb upwards.
You feel sick. The adder skeleton bites you.
* * * LOW HITPOINT WARNING * * *
The adder skeleton barely misses you.
There is a stone staircase leading down here.
You feel sick. You block the adder skeleton's attack.
You climb downwards.
* * * LOW HITPOINT WARNING * * *
You feel sick.
There is a stone staircase leading up, spattered with blood here.
It was a potion of invisibility.
You fade into invisibility!
You feel sick.
You are no longer poisoned.
The ogre barely misses you.
It was a potion of mutation.
You feel extremely strange.
You feel frail.
The ogre hits you with a +0 giant spiked club!!
You die...

#########
#..O....#
#..@....#
+..†....#
#.......#
#+###...#
#####


You could see an ogre.

Vanquished Creatures
  A centaur (D:5)
  A kobold brigand (D:5)
  A centaur skeleton (D:2)
  An iguana (D:5)
  An orc wizard (D:3)
  3 adders
  2 worms (D:2)
  2 dart slugs
  2 orcs (D:3)
  6 ball pythons
  3 endoplasms
  2 giant cockroaches
  4 goblins
  3 hobgoblins
  2 quokkas
  3 bats
  6 frilled lizards
  7 kobolds
  7 rats
57 creatures vanquished.

Notes
Turn   | Place    | Note
-------+----------+-------------------------------------------
     0 | D:1      | themadprophet the Troll Fighter began the quest for the
                  | Orb.
     0 | D:1      | Reached XP level 1. HP: 22/22 MP: 0/0
   338 | D:1      | Reached XP level 2. HP: 28/29 MP: 1/1
   620 | D:1      | Found a faded altar of an unknown god.
   984 | D:2      | Reached XP level 3. HP: 32/36 MP: 2/2
  1348 | D:2      | Reached XP level 4. HP: 42/44 MP: 3/3
  2164 | D:3      | Reached skill level 1 in Maces & Flails
  2888 | D:3      | You fall into a shaft and drop 2 floors!
  2888 | D:5      | Entered Level 5 of the Dungeon
  2895 | D:5      | Noticed a centaur
  2900 | D:5      | Killed a centaur
  2901 | D:5      | Reached XP level 5. HP: 46/53 MP: 4/4
  3003 | D:5      | Reached XP level 6. HP: 35/61 MP: 5/5
  3077 | D:4      | HP: 3/61 [poisoned by an adder]
  3077 | D:4      | HP: 1/61 [adder skeleton (2)]
  3081 | D:5      | Gained mutation: You are frail. (-10% HP) [potion of
                  | mutation]
  3081 | D:5      | Annihilated by an ogre

Illustrated notes

Levels and vault maps discovered:
D:1:      lemuel_arrival_funnel, layout_loops_ring,
          chequers_ecumenical_altar_twisty
D:2:      layout_loops_ring
D:3:      layout_basic
D:4:      layout_cave_pools
D:5:      layout_gridville, serial_shops, nicolae_square_shop, uniq_edmund,
          uniq_grinder, uniq_crazy_yiuf_cottage

Skill      XL: |  1  2  3  4 |
---------------+-------------+-----
Shields        | 3 |  3.3
Maces & Flails | 2 |  2.5
Dodging        | 3 |  3.3
Fighting       | 3 |  3.2
Throwing       | |  0.6
Stealth        | |  0.6
Unarmed Combat | |  2.7

Action                   |  1- 3 |  4- 6 || total
-------------------------+-------+-------++-------
Melee: Unarmed           |    46 |       ||    46
       Mace              |    30 |    72 ||   102
Throw: Stone             |    13 |    10 ||    23
       Throwing net      |       |     1 ||     1
  Use: Potion            |       |     2 ||     2
 Stab: Sleeping          |     1 |       ||     1
Armor: Robe              |    20 |    30 ||    50
Dodge: Dodged            |    22 |    41 ||    63
Block: Kite shield       |    22 |    40 ||    62
